 Dungeon Crawl Stone Soup version 0.17.1-1-g73c8601 (webtiles) character file.

184 abixa the Poker (level 5, -4/41 HPs)
             Began as a Demigod Skald on Jan 7, 2016.
             Slain by a gnoll (5 damage)
             ... on level 3 of the Dungeon.
             The game lasted 00:09:42 (3399 turns).

abixa the Poker (Demigod Skald)                     Turns: 3399, Time: 00:09:43

Health: -4/41      AC:  7    Str: 15    XL:     5   Next: 14%
Magic:  8/10       EV: 10    Int: 18    God:
Gold:   119        SH:  0    Dex: 15    Spells: 3 memorised, 2 levels left

rFire  . . .     SeeInvis .     a - +0 spear
rCold  . . .     Clarity  .     k - +1 ring mail {MR+}
rNeg   . . .     SustAt   +     (no shield)
rPois  .         Gourm    .     (no helmet)
rElec  .         Spirit   .     (no cloak)
rCorr  .         Warding  .     (no gloves)
rMut   .         Stasis   .     o - +0 pair of boots
MR     +....                    (no amulet)
Stlth  +.........               (no ring)
                                (no ring)

@: somewhat resistant to hostile enchantments, very unstealthy
A: high mp 1, sustain attributes
a: no special abilities


You were on level 3 of the Dungeon.
You were not hungry.

You visited 1 branch of the dungeon, and saw 4 of its levels.

You collected 119 gold pieces.

Inventory:

Hand Weapons
 a - a +0 spear (weapon)
 r - a +0 dagger of venom
Missiles
 e - 3 needles of confusion
 j - 30 arrows
 m - 56 stones (quivered)
 A - 19 sling bullets
Armour
 b - a +0 leather armour
 k - a +1 ring mail of magic resistance (worn)
 o - a +0 pair of boots (worn)
Jewellery
 y - an uncursed amulet of warding {unknown}
Scrolls
 f - a scroll of noise {unknown}
 g - 4 scrolls of identify {unknown}
 h - a scroll of fear {unknown}
 i - a scroll of enchant armour {unknown}
 l - a scroll of amnesia {unknown}
 n - 4 scrolls of remove curse {unknown}
 t - a scroll of magic mapping {unknown}
 v - a scroll of fog {unknown}
 B - a scroll of recharging {unknown}
 C - a scroll of teleportation {unknown}
Potions
 q - 2 potions of ambrosia {unknown}
 s - a potion of lignification {unknown}
 u - 2 potions of curing {unknown}
 x - a potion of heal wounds {unknown}
 D - a potion of brilliance {unknown}
Books
 c - a book of Battle

   Spells                             Type                      Level
   a - Infusion                       Charms                       1
   b - Shroud of Golubria             Charms/Translocation         2
   c - Song of Slaying                Charms                       2
   d - Spectral Weapon                Hexes/Charms                 3
   e - Regeneration                   Charms/Necromancy            3
Comestibles
 d - 2 bread rations
 p - a beef jerky
 w - a meat ration
 z - 5 fruits
 E - 3 chunks of flesh


   Skills:
 + Level 1.7 Fighting
 * Level 4.1 Polearms
 + Level 0.8 Armour
 + Level 0.8 Dodging
 + Level 1.9 Spellcasting
 - Level 4.0 Charms


You had 2 spell levels left.
You knew the following spells:

 Your Spells              Type           Power        Failure   Level  Hunger
a - Infusion              Chrm           ###...       10%         1    #......
b - Song of Slaying       Chrm           ###.....     12%         2    ###....
c - Shroud of Golubria    Chrm/Tloc      #.........   24%         2    ###....


Dungeon Overview and Level Annotations

Branches:
Dungeon (4/15)
 Temple: D:4-7


Innate Abilities, Weirdness & Mutations

You have an increased reservoir of magic (+10% MP).
Your attributes are resistant to harm.


Message History

You climb upwards.
There is a stone staircase leading down here.
Evoke which item? (* to show all) (? for menu, Esc to quit)
Okay, then.
Unknown command.
Unknown command.
Casting: Infusion
Confirm with . or Enter, or press ? or * to list all spells.
Space distorts slightly along a thin shroud covering your body.
The gnoll hits you but does no damage.
You hit the gnoll.
The gnoll is moderately wounded.
The gnoll hits you.
* * * LOW HITPOINT WARNING * * *
Your shroud falls apart!
Casting: Shroud of Golubria
Confirm with . or Enter, or press ? or * to list all spells.
Okay, then.
The gnoll hits you.
You die...

#.........##.......##.# #
#)#..#.>...<.##.##.##.#
######.#..#....#####.##.##.#
#.................##.......#
#.####.#..........####...###
#.####.#.##.......##.......#
#.##.....##.......##...<...#
#.##.#.####.......##.......##
#......# #..@g>..#.........#
####.### #.......#.........#
#.# #########.........#
#.######### ####...####
#.##......# #...#
#.##.####.##### #...#
#.##.##.......#####.###
#.##.##.#.###..))...#
#.†.....#.# #########


You could see a gnoll.

Vanquished Creatures
  A hound (D:3)
  4 gnolls (D:3)
  2 adders
  An ooze (D:2)
  2 worms
  6 giant geckos
  An orc (D:3)
  4 ball pythons
  12 bats
  2 giant cockroaches (D:2)
  6 goblins
  6 hobgoblins
  6 jackals
  2 quokkas (D:3)
  4 giant newts
  13 kobolds
  10 rats
82 creatures vanquished.

Notes
Turn   | Place    | Note
--------------------------------------------------------------
     0 | D:1      | abixa the Demigod Skald began the quest for the Orb.
     0 | D:1      | Reached XP level 1. HP: 17/17 MP: 5/5
   257 | D:1      | Reached XP level 2. HP: 19/24 MP: 4/7
  1151 | D:2      | Reached skill level 3 in Charms
  1155 | D:2      | Learned a level 2 spell: Song of Slaying
  1506 | D:2      | Reached XP level 3. HP: 29/29 MP: 8/8
  2592 | D:3      | Reached XP level 4. HP: 28/36 MP: 9/9
  2690 | D:3      | Found a blossoming altar of Fedhas.
  2936 | D:3      | Learned a level 2 spell: Shroud of Golubria
  3141 | D:3      | Reached skill level 4 in Polearms
  3141 | D:3      | Reached XP level 5. HP: 37/41 MP: 4/10
  3397 | D:3      | HP: 1/41 [gnoll (6)]
  3399 | D:3      | Slain by a gnoll

Action                   |  1- 3 |  4- 6 || total
-------------------------+-------+-------++-------
Melee: Spear             |   223 |   112 ||   335
 Cast: Infusion          |    17 |     8 ||    25
       Song of Slaying   |       |     1 ||     1
       Shroud of Golubri |       |     1 ||     1
  Eat: Chunk             |     6 |     3 ||     9
